 Dungeon Crawl Stone Soup version 0.29.1-15-g9cfb28693d (webtiles) character file.

Game seed: 7753146973851484913

20 redmage the Digger (level 3, -4/26 HPs)
             Began as a Meteoran Earth Elementalist on Sept 11, 2023.
             Slain by a gnoll
             ... wielding a +0 flail
              (8 damage)
             ... on level 2 of the Dungeon.
             The game lasted 00:00:35 (38 turns).

redmage the Digger (Meteoran Earth Elementalist)      Turns: 38, Time: 00:00:36

Health: -4/26      AC:  2    Str:  9    XL:     3   Next: 14%
Magic:  0/8        EV: 12    Int: 19    God:
Gold:   0          SH:  0    Dex: 14    Spells: 7/8 levels left

rFire   . . .      SeeInvis .   (no weapon)
rCold   . . .      Faith    .   (no shield)
rNeg    . . .      Spirit   .   a - +0 robe
rPois   .          Reflect  .   (no helmet)
rElec   .          Harm     .   (no cloak)
rCorr   .          Rampage  .   (no gloves)
Will    .....                   (no boots)
Stlth   +.........              (no amulet)
HPRegen 0.08/turn               (no ring)
MPRegen 0.11/turn               (no ring)

@: glowing
A: sense surroundings 1, otherworldly, glowing, explore regen
a: no special abilities


You were on level 2 of the Dungeon.
You visited 1 branch of the dungeon, and saw 2 of its levels.

Inventory:

Armour
 a - a +0 robe (worn)
Potions
 b - a potion of magic


   Skills:
 - Level 2.4 Dodging
 - Level 1.4 Stealth
 + Level 3.4 Spellcasting
 - Level 1.2 Transmutations
 + Level 4.2 Earth Magic


You had 7 spell levels left.
You knew the following spells:

 Your Spells              Type           Power      Damage    Failure   Level
a - Sandblast             Erth           38%        2d10      2%          1

Your spell library contained the following spells:

 Spells                   Type           Power      Damage    Failure   Level
 Passwall                 Tmut/Erth      10%        N/A       7%          2
 Stone Arrow              Conj/Erth      22%        3d8       19%         3
 Petrify                  Tmut/Erth      13%        N/A       43%         4


Dungeon Overview and Level Annotations

Branches:
Dungeon (2/15) Zot: 1159

Altars:


Innate Abilities, Weirdness & Mutations

You passively map a small area around you.
You are easily found by Zot.
You glow in the dark.
You regain HP and MP as you explore.


Message History

Aim: a gnoll, wielding a +0 whip (lightly wounded, 84% to hit)
The blast of sand hits the gnoll.
The gnoll is moderately wounded.
The gnoll hits you with a +0 whip. The gnoll barely misses you.
Unknown command.
Casting: Sandblast (safe; 4% risk of failure)
Confirm with . or Enter, or press ? or * to list all spells.
Aiming: Sandblast (safe; 4% risk of failure)
Press: ? - help, Shift-Dir - straight line, f/p - gnoll
Aim: a gnoll, wielding a +0 whip (moderately wounded, 84% to hit)
The blast of sand hits the gnoll.
The gnoll is severely wounded.
The gnoll hits you with a +0 whip.
* * * LOW HITPOINT WARNING * * *
Casting: Sandblast (safe; 4% risk of failure)
Confirm with . or Enter, or press ? or * to list all spells.
Aiming: Sandblast (safe; 4% risk of failure)
Press: ? - help, Shift-Dir - straight line, f/p - gnoll
Aim: a gnoll, wielding a +0 whip (severely wounded, 84% to hit)
The blast of sand hits the gnoll!
You kill the gnoll!
The gnoll hits you with a +0 flail.
* * * LOW HITPOINT WARNING * * *
Your Spellcasting skill increases to level 3!
Your Earth Magic skill increases to level 4!
You have reached level 2!
Casting: Sandblast (safe; 3% risk of failure)
Confirm with . or Enter, or press ? or * to list all spells.
Aiming: Sandblast (safe; 3% risk of failure)
Press: ? - help, Shift-Dir - straight line, f - gnoll
Aim: a gnoll, wielding a +0 flail (84% to hit)
The blast of sand hits the gnoll!
You kill the gnoll!
You have reached level 3!
Your experience leads to an increase in your attributes!
Increase (S)trength, (I)ntelligence, or (D)exterity?
You feel clever. x3
Unknown command.
The gnoll attacks as you move away! The gnoll hits you with a +0 flail!
You die...

, #.. ...... ,
.##.., ..... , ,
...... ,.... **
#....##... * ,
*....#... , , , *
###...g. * ,
#....>g# *, ** #g#
, #@# * #.# *
#.####)#
#......#####.#
###########.).....#
#<...^....#.#######
#########.#.#
#.....#.# #.#####.#


You could see a gnoll, a hobgoblin and a goblin.

Vanquished Creatures
  2 gnolls (D:2)
2 creatures vanquished.

Notes
Turn   | Place    | Note
-------+----------+-------------------------------------------
     0 | D:1      | redmage the Meteoran Earth Elementalist began the quest for
                  | the Orb.
     0 | D:1      | Reached XP level 1. HP: 14/14 MP: 5/5
    37 | D:2      | Reached skill level 4 in Earth Magic
    37 | D:2      | Reached XP level 2. HP: 3/20 MP: 1/7
    38 | D:2      | Reached XP level 3. HP: 4/26 MP: 0/8
    38 | D:2      | Slain by a gnoll

Illustrated notes

Levels and vault maps discovered:
D:1:      nzn_arrival_water_spiral, layout_loops_ring, serial_shops,
          nicolae_square_shop
D:2:      layout_basic, ebering_ecumenical_altar_abandoned, serial_shops, shop,
          chequers_serial_rivers_small_b, columned_hall_lemuel, uniq_sigmund,
          uniq_terence

Skill      XL: |  1 |
---------------+----+-----
Spellcasting   | 3 |  3.4
Earth Magic    | 4 |  4.2
Dodging        | |  2.4
Stealth        | |  1.4
Transmutations | |  1.2

Action                   || total
-------------------------++-------
 Cast: Sandblast         ||     5
Dodge: Dodged            ||     1
